SCURSCUM, neutral female scurrid Archeologist -.-------------- #######-..............| ########### # ....{......=...| # ##### |..>...........+ .---- ## ------- -------- ....+ ### .^..| # # ###Z## ..... ### ################@I ....| # # # .---- # ### # # # # # # # # # # # # # # # # # # ################ SCURSCUM the Digger Experience level: 1 Strength: 13 Dexterity: 11 Constitution: 10 Intelligence: 13 Wisdom: 18 Charisma: 10 Health: 0(12) Energy: 2(2) Def: 2 Gold: 405 Moves: 150 Dungeon seed: CLwVR4TwAoF_a_my Game ID: SCURSCUM_1498685291 Your Inventory: Coins $ - 405 gold pieces Weapons a - an uncursed +2 bullwhip Armor e - an uncursed +0 leather jacket (being worn) n - an uncursed +0 pair of leather gloves (being worn) Comestibles b - 4 uncursed chestnuts Scrolls i - an uncursed scroll of blank paper Wands d - an uncursed wand of light (0:14) Tools c - an uncursed pair of lenses f - an uncursed sack g - an uncursed tin opener (alternate weapon; not wielded) h - an uncursed oil lamp (0:1272) Gems q - an uncursed touchstone Spells and supernatural/magical abilities: Name Level Category Fail Memory W - pray for help -- divine ? -- Your skills at the end: Miscellaneous Skills wands [Basic] Weapon Skills whip [Basic] Spellcasting Skills Final Attributes: You were devoutly aligned. You had infravision. You were very stealthy. You were fast. You are dead. Vanquished creatures: 2 orc zombies Voluntary challenges: You followed a strict vegan diet. You did not adorn yourself with jewelry or accessories. You did not cause conflict. You were not invisible. You did not have reflection. You were not displaced. You were an atheist. You never hit with a wielded weapon. You were a pacifist. You did not use tools. You did not use plumbed fixtures. You did not drink any magical draughts. You were illiterate. You never genocided any monsters. You never polymorphed an object. You never changed form. You used no wishes. You never split a pudding. You never wrote Elbereth's name. You never violated your personal moral code. Dungeon overview: The Dungeons of Doom: levels 1 to 15 Level 1 a long staircase Level 2 Level 3 Level 4 Level 5 Level 6 Level 7 Level 8 Level 9 Level 10 Level 11 Level 12 Level 13 Level 14 Level 15 <- You were here a fountain History has recorded: On T:1 you entered the Dungeons of Doom to retrieve the Amulet of Yendor! On T:11 you reached level 2 of The Dungeons of Doom. On T:13 you reached level 3 of The Dungeons of Doom. On T:15 you reached level 4 of The Dungeons of Doom. On T:17 you reached level 5 of The Dungeons of Doom. On T:19 you reached level 6 of The Dungeons of Doom. On T:21 you reached level 7 of The Dungeons of Doom. On T:22 you reached level 8 of The Dungeons of Doom. On T:24 you reached level 9 of The Dungeons of Doom. On T:26 you reached level 10 of The Dungeons of Doom. On T:28 you reached level 11 of The Dungeons of Doom. On T:30 you reached level 12 of The Dungeons of Doom. On T:32 you reached level 13 of The Dungeons of Doom. On T:33 you reached level 14 of The Dungeons of Doom. On T:35 you reached level 15 of The Dungeons of Doom. Score breakdown: Gold: 405 ( 40 points) Experience: 1 level ( 0 points) Exploration: 15 levels ( 420 points) Discoveries: 1 item ( 50 points) Variety of kills: 1 monster ( 50 points) Major goal: (nothing yet) ( 0 points) Survival: died (score multiplied by 3) Total score: 1680 Latest messages: You start chewing a hole in the rock. You continue digging. You succeed in cutting away some rock. You start chewing a hole in the rock. You continue digging. You succeed in cutting away some rock. You start chewing a hole in the rock. You continue digging. You succeed in cutting away some rock. You start chewing a hole in the rock. You continue digging. You succeed in cutting away some rock. Wait! There's something there you can't see! You begin bashing monsters with your gloved paws. You miss it. (5x) The ettin zombie scratches you! (2x) Something touches you! You miss it. The ettin zombie scratches you! You die... The sack is empty. The sack is empty. Final status: Goodbye SCURSCUM the Archeologist, killed by an ettin zombie... You died in The Dungeons of Doom on dungeon level 15 with 1680 points, and 405 pieces of gold, after 150 moves. You were level 1 with a maximum of 12 hit points when you died.